 Dungeon Crawl Stone Soup version 0.29.1-15-g9cfb28693d (webtiles) character file.

Game seed: 9244318421498112799

3391 BigDaddyOpFi the Grappler (level 9, -5/89 HPs)
             Began as a Troll Fighter on Feb 22, 2023.
             Was a Follower of Wu Jian.
             Slain by a gnoll
             ... wielding a +0 halberd
             ... led by a gnoll sergeant
              (8 damage)
             ... on level 6 of the Dungeon.
             The game lasted 00:08:01 (4923 turns).

BigDaddyOpFi the Grappler (Troll Fighter)           Turns: 4923, Time: 00:08:01

Health: -5/89      AC:  8    Str: 26    XL:     9   Next: 74%
Magic:  8/8        EV:  9    Int:  8    God:    Wu Jian [*.....]
Gold:   252        SH:  8    Dex:  9    Spells: 8/8 levels left

rFire   . . .      SeeInvis .     - Unarmed
rCold   . . .      Faith    .   b - +0 kite shield
rNeg    . . .      Spirit   .   a - +1 robe
rPois   .          Reflect  .   (helmet restricted)
rElec   .          Harm     .   x - +0 cloak
rCorr   .          Rampage  .   (gloves unavailable)
Will    .....                   (boots unavailable)
Stlth   +.........              (no amulet)
HPRegen 1.04/turn               (no ring)
MPRegen 0.11/turn               (no ring)

@: no status effects
A: large, unfitting armour, claws 3, regeneration 1, shaggy fur 1, tough skin 1,
iridescent scales 1, MP-powered wands
a: Renounce Religion


You were on level 6 of the Dungeon.
You worshipped Wu Jian.
Wu Jian was aware of your devotion.
You visited 1 branch of the dungeon, and saw 6 of its levels.
You also visited: Sewer.

You collected 252 gold pieces.

Inventory:

Armour
 a - a +1 robe (worn)
 b - a +0 kite shield (worn)
 x - a +0 cloak (worn)
Wands
 g - a wand of light (8) (quivered)
 y - a wand of mindburst (8)
Scrolls
 e - a scroll of silence
 f - 5 scrolls of noise
 h - a scroll of enchant armour
 j - 5 scrolls of teleportation
 l - 2 scrolls of immolation
 n - a scroll of vulnerability {unknown}
 o - a scroll of blinking {unknown}
 r - a scroll of enchant weapon {unknown}
 t - a scroll of brand weapon {unknown}
 u - a scroll of identify
 v - a scroll of poison
 w - 3 scrolls of amnesia
Potions
 d - a potion of magic
 m - 4 potions of flight
 q - a potion of mutation


   Skills:
 + Level 6.2 Fighting
 + Level 3.6 Dodging
 + Level 6.7 Shields
 * Level 9.8 Unarmed Combat


You had 8 spell levels left.
You didn't know any spells.
Your spell library contained the following spells:

 Spells                   Type           Power      Damage    Failure   Level
 Ensorcelled Hibernation  Hex/Ice        0%         N/A       80%         2
 Passwall                 Tmut/Erth      0%         N/A       80%         2
 Static Discharge         Conj/Air       0%         3-3/arc   80%         2
 Dazzling Flash           Conj/Hex       0%         N/A       95%         3
 Swiftness                Air            0%         N/A       95%         3
 Animate Dead             Necr           0%         N/A       100%        4
 Agony                    Necr           0%         N/A       100%        5
 Borgnjor's Vile Clutch   Necr/Erth      0%         N/A       100%        5
 Lightning Bolt           Conj/Air       0%         1d11      100%        5
 Silence                  Hex/Air        0%         N/A       100%        5
 Death Channel            Necr           0%         N/A       100%        6
 Maxwell's Capacitive Co  Air            0%         ∞         100%        8


Dungeon Overview and Level Annotations

Branches:
Dungeon (6/15)              Sewer (visited)
 Temple: D:4-7

Altars:
Wu Jian

Shops:
D:2 (


Innate Abilities, Weirdness & Mutations

You are too large for most types of armour.
You have claws for hands.
Your natural rate of healing is unusually fast.
You are covered in fur. (AC +1)
You have tough skin. (AC +1)
You are partially covered in iridescent scales. (AC +2)
You expend magic power (3 MP) to strengthen your wands.


Message History

The splash of acid misses you.
Okay, then.
Okay, then.
You mangle something!! The Council accepts your kill.
Reactivating autopickup.
You feel a bit more experienced. The acid dragon spits acid at you.
The splash of acid hits you!
* * * LOW HITPOINT WARNING * * *
The acid corrodes you!
Your surroundings suddenly seem different.
A gnoll sergeant, 5 gnolls and a hound come into view.
The gnoll sergeant is wielding a +1 trident of venom.
Found 6 stones, a scroll labelled MUSIQO VANNEIBB and a trident.
The gnoll sergeant shouts!
The gnoll shouts! x3; You hear an angry hiss.
You hear a shout!
You hear an angry hiss.
You block the gnoll sergeant's attack.
An ice beast comes into view.
The gnoll hits you with a +0 club.
* * * LOW HITPOINT WARNING * * *
The gnoll barely misses you.
You hear an angry hiss.
You hear an angry growl.
Unknown command.
Okay, then.
It was a potion of cancellation.
Your magical effects are unravelling.
You feel magically purged.
You are no longer corroded.
The gnoll shouts!
The hound barks!
You hear an angry hiss.
You block the gnoll sergeant's attack.
A steam dragon comes into view.
The gnoll hits you but does no damage. The gnoll barely misses you.
Okay, then.
Okay, then.
As you read the scroll labelled FEAXZI CUEKISS, it crumbles to dust.
It is a scroll of amnesia.
You feel forgetful for a moment.
The gnoll hits you from afar with a +0 halberd!
You die...

#.#######
#..gg@..#
#...(gg.#
#Y..gg..#
#D....h..#
#.#......#
# #......#
..?....)
##......##


You could see a steam dragon, an ice beast, a gnoll sergeant, a hound and 5
gnolls.

Vanquished Creatures
  Grinder (D:6)
  A wraith (D:5)
  6 yaks (D:4)
  2 water moccasins
  Duvessa (D:6)
  A sky beast (D:5)
  A centaur (D:5)
  2 ogres (D:5)
  3 kobold brigands (Sewer)
  2 necrophages (D:4)
  A bullfrog (D:6)
  A scorpion (D:5)
  Dowan (D:6)
  A hound (D:5)
  2 jellies (D:5)
  An orc priest (D:6)
  A gnoll bouda (D:5)
  3 iguanas
  Jessica (D:3)
  An orc wizard (D:6)
  8 gnolls (D:5)
  14 adders
  4 river rats
  A white imp (D:5)
  3 worms
  3 dart slugs
  5 orcs
  14 ball pythons
  9 endoplasms
  2 giant cockroaches
  7 goblins
  4 hobgoblins
  16 jackals
  12 kobolds
  5 quokkas
  7 bats
  16 rats
163 creatures vanquished.

Vanquished Creatures (collateral kills)
  A manticore (D:5)
1 creature vanquished.

Vanquished Creatures (others)
  8 plants
8 creatures vanquished.

Grand Total: 172 creatures vanquished

Notes
Turn   | Place    | Note
-------+----------+-------------------------------------------
     0 | D:1      | BigDaddyOpFi the Troll Fighter began the quest for the Orb.
     0 | D:1      | Reached XP level 1. HP: 22/22 MP: 0/0
    77 | D:1      | Reached XP level 2. HP: 24/29 MP: 1/1
   488 | D:1      | Reached XP level 3. HP: 36/36 MP: 2/2
   714 | D:1      | Reached skill level 3 in Unarmed Combat
   995 | D:2      | Reached XP level 4. HP: 40/44 MP: 3/3
  1187 | D:2      | Found a faded altar of an unknown god.
  1207 | D:2      | Found Fucad's Antique Weapon Boutique.
  1647 | D:3      | Found a glowing drain.
  1664 | D:3      | Reached XP level 5. HP: 44/53 MP: 4/4
  1674 | D:3      | Reached skill level 4 in Unarmed Combat
  1690 | Sewer    | Entered a sewer
  1892 | Sewer    | Reached XP level 6. HP: 41/61 MP: 5/5
  1952 | Sewer    | Reached skill level 5 in Unarmed Combat
  2716 | D:3      | Noticed Jessica
  2719 | D:3      | Killed Jessica
  3117 | D:4      | Noticed a yak
  3118 | D:4      | Noticed a yak
  3118 | D:4      | Noticed a yak
  3119 | D:4      | Noticed a yak
  3119 | D:4      | Noticed a yak
  3120 | D:4      | Noticed a yak
  3126 | D:4      | Killed a yak
  3127 | D:4      | Reached XP level 7. HP: 70/70 MP: 6/6
  3130 | D:4      | Killed a yak
  3131 | D:4      | Reached skill level 6 in Unarmed Combat
  3133 | D:4      | Killed a yak
  3136 | D:4      | Killed a yak
  3137 | D:4      | Reached skill level 5 in Shields
  3137 | D:4      | Reached skill level 7 in Unarmed Combat
  3137 | D:4      | Reached XP level 8. HP: 55/79 MP: 7/7
  3204 | D:4      | Reached skill level 5 in Fighting
  3434 | D:5      | Entered Level 5 of the Dungeon
  3479 | D:5      | Reached skill level 8 in Unarmed Combat
  3923 | D:5      | Reached XP level 9. HP: 56/88 MP: 8/8
  4131 | D:5      | Found an ornate altar of the Wu Jian Council.
  4140 | D:5      | Became a worshipper of the Wu Jian Council
  4165 | D:6      | Noticed Duvessa
  4165 | D:6      | Noticed Dowan
  4170 | D:6      | Killed Dowan
  4174 | D:6      | Killed Duvessa
  4213 | D:6      | Noticed Grinder
  4216 | D:6      | Noticed a manticore
  4222 | D:6      | Gained mutation: You expend magic power (3 MP) to
                  | strengthen your wands. [potion of mutation]
  4222 | D:6      | Gained mutation: You are partially covered in iridescent
                  | scales. (AC +2) [potion of mutation]
  4398 | D:5      | Reached skill level 9 in Unarmed Combat
  4398 | D:5      | Killed a manticore
  4796 | D:6      | Paralysed by Grinder for 3 turns
  4803 | D:6      | Killed Grinder
  4918 | D:6      | Reached * piety under Wu Jian
  4921 | D:6      | HP: 1/89 [gnoll/+0 club[a gnoll sergeant] (5)]
  4923 | D:6      | Slain by a gnoll

Illustrated notes

Levels and vault maps discovered:
D:1:      saegor_arrival_simple_c, layout_basic, serial_bayou,
          serial_bayou_shore_a, serial_bayou_lake_a, serial_bayou_ford_a,
          serial_bayou_pond_d
D:2:      layout_basic, serial_shops, nicolae_shop_competitors_out_of_business,
          shapermc_ecumenical_altar_notcrosses, minmay_misc_feat_encased,
          hangedman_glass_teeth
D:3:      layout_basic, portal_sewer_entry_b, kennysheep_jessica_study
D:4:      layout_loops_ring
D:5:      layout_rooms, nzn_wu_jian_contemplation
D:6:      cheibrodos_fzero, layout_rooms, nicolae_overflow_crystal_walls,
          minmay_alternating_orb, uniq_duvessa, uniq_grinder, uniq_edmund

Skill      XL: |  1  2  3  4  5  6  7  8  9 |
---------------+----------------------------+-----
Shields        | 3 4 5 6 |  6.7
Unarmed Combat | 3 4 5 7 8 9 |  9.8
Fighting       | 3 4 5 6 |  6.2
Dodging        | 3 |  3.6

Action                   |  1- 3 |  4- 6 |  7- 9 || total
-------------------------+-------+-------+-------++-------
Melee: Unarmed           |    91 |   220 |   153 ||   464
Invok: Lunge             |       |       |     2 ||     2
  Use: Scroll            |       |     8 |     4 ||    12
       Potion            |       |     2 |     8 ||    10
Armor: Robe              |    31 |    76 |    58 ||   165
Dodge: Dodged            |    32 |    93 |    63 ||   188
Block: Kite shield       |    44 |   102 |    77 ||   223
